Map: Deathaura LE

Players

PartinG - Winner!

  • Race: Protoss Protoss
  • Spawn Location: 11:00

Neeb

  • Race: Protoss Protoss
  • Spawn Location: 5:00

Event: IEM Katowice 2021

VOD

Have the link to the VOD?

Description

Time

  • Played on: Feb. 25, 2021, 9:28 a.m.
  • Length: 12:10

All games in this series

Show
View Real Time Build Order
Export as new Build Order

PartinG Protoss - Winner!

Build Orders: Oracle Opening 

Get SALT Encoding   

  12  0:00  Probe  
  13  0:12  Probe  
  14  0:18  Pylon  
  14  0:24  Probe (Chrono Boost)  
  15  0:36  Gateway, Probe (Chrono Boost)  
  16  0:45  Probe (Chrono Boost)  
  16  0:46  Assimilator  
  17  0:51  Probe  
  17  0:55  Assimilator  
  18  1:03  Probe (Chrono Boost)  
  19  1:09  Gateway  
  19  1:13  Probe (Chrono Boost)  
  19  1:18  Probe (Chrono Boost)  
  21  1:25  Cybernetics Core  
  21  1:30  Probe  
  22  1:36  Pylon  
  22  1:42  Probe  
  23  1:54  Probe  
  24  2:02  Stalker  
  24  2:03  Warp Gate  
  24  2:05  Stalker  
  28  2:15  Pylon  
  28  2:31  Stargate  
  28  2:48  Nexus  
  28  2:54  Shield Battery  
  28  2:59  Probe  
  28  3:02  Sentry  
  30  3:11  Oracle (Chrono Boost)  
  30  3:12  Probe  
  31  3:19  Shield Battery  
  34  3:24  Probe  
  35  3:33  Pylon  
  35  3:36  Probe  
  35  3:40  Oracle (Chrono Boost)  
  39  3:51  Probe  
  40  4:00  Probe  
  40  4:01  Twilight Council  
  41  4:03  Probe  
  42  4:11  Adept x2  
  42  4:13  Probe  
  47  4:19  Probe  
  48  4:25  Probe  
  48  4:27  Pylon  
  49  4:36  Probe  
  50  4:41  Stalker x2  
  50  4:44  Pylon, Probe  
  55  4:46  Blink (Chrono Boost)  
  55  4:47  Gateway  
  55  4:51  Probe  
  56  4:59  Probe  
  57  5:01  Assimilator  
  57  5:03  Probe  
  58  5:07  Gateway  
  58  5:12  Probe  
  59  5:15  Probe  
  60  5:27  Stalker x2  
  60  5:32  Pylon, Forge  
  60  5:42  Probe x2  
  62  5:43  Pylon  
  62  5:47  Stalker  
  64  5:51  Stalker  
  64  5:52  Stalker  
  68  6:02  Stalker  
  70  6:07  Nexus  
  70  6:10  Stalker  
  72  6:16  Protoss Ground Weapons Level 1 (Chrono Boost), Stalker  
  74  6:19  Stalker  
  77  6:29  Stalker  
  76  6:36  Stalker  
  71  6:49  Stalker x2  
  71  6:58  Probe x2  
  65  7:05  Stalker x2  
  65  7:10  Probe x2  
  67  7:18  Stalker x2  
  67  7:22  Probe x2  
  73  7:29  Probe  
  74  7:34  Probe  
  74  7:36  Stalker x2  
  79  7:41  Probe  
  79  7:43  Probe  
  75  7:46  Stalker x2, Probe  
  64  7:58  Probe  
  64  7:59  Probe x2  
  64  8:00  Stalker x2  
  64  8:04  Gateway  
  69  8:05  Gateway  
  69  8:10  Probe  
  69  8:12  Stalker x2  
  72  8:16  Probe x2  
  76  8:23  Probe  
  74  8:28  Stalker x2  
  74  8:29  Charge (Chrono Boost)  
  74  8:32  Shield Battery  
  78  8:36  Pylon, Photon Cannon  
  78  8:37  Shield Battery  
  78  8:44  Pylon, Sentry  
  78  8:48  Stalker  
  82  8:55  Gateway  
  82  8:57  Gateway  
  82  9:00  Stalker x2  
  86  9:07  Shield Battery  
  86  9:12  Assimilator  
  86  9:13  Robotics Facility  
  86  9:14  Pylon  
  86  9:22  Zealot x4  
  94  9:26  Zealot x2  
  94  9:29  Pylon  
  98  9:35  Protoss Ground Weapons Level 2 (Chrono Boost)  
  98  9:43  Zealot x3  
  101  9:48  Zealot x2  
  101  9:50  Gateway  
  101  9:51  Zealot  
  101  9:52  Zealot  
  109  9:58  Pylon  
  109  9:59  Warp Prism (Chrono Boost)  
  109  10:05  Templar Archives  
  111  10:16  Nexus  
  111  10:19  Zealot x2  
  115  10:24  Zealot x2  
  115  10:26  Observer (Chrono Boost)  
  115  10:27  Probe x3  
  123  10:35  Photon Cannon  
  123  10:37  Zealot x2  
  127  10:42  High Templar x2  
  127  10:43  Zealot  
  127  10:47  Archon  
  133  10:50  Pylon  
  133  10:52  Pylon  
  133  10:55  Pylon  
  133  11:11  High Templar x2  
  133  11:12  Zealot x4  
  133  11:16  Archon  
  145  11:20  Zealot x2  
  149  11:34  Zealot x4  
  153  11:43  Zealot x2  
  131  11:49  Zealot x2  
  111  11:54  Zealot x2  
  111  11:55  Zealot x2  
Show
View Real Time Build Order
Export as new Build Order

Neeb Protoss 

Build Orders: Blink Stalkers 

Get SALT Encoding   

  12  0:00  Probe  
  13  0:12  Probe  
  14  0:16  Pylon  
  14  0:24  Probe (Chrono Boost)  
  15  0:36  Probe (Chrono Boost)  
  15  0:38  Gateway  
  16  0:44  Probe (Chrono Boost)  
  16  0:46  Assimilator  
  17  0:51  Probe  
  17  0:57  Assimilator  
  18  1:03  Probe (Chrono Boost)  
  19  1:09  Gateway  
  19  1:15  Probe (Chrono Boost)  
  20  1:22  Probe (Chrono Boost)  
  21  1:26  Cybernetics Core  
  21  1:29  Probe  
  22  1:38  Pylon  
  22  1:41  Probe  
  23  1:56  Probe  
  24  2:02  Warp Gate (Chrono Boost)  
  24  2:03  Stalker x2  
  28  2:12  Pylon  
  29  2:15  Probe  
  29  2:27  Probe  
  30  2:32  Pylon  
  30  2:35  Sentry  
  32  2:39  Probe  
  32  2:41  Sentry  
  34  2:59  Nexus  
  34  3:01  Probe  
  35  3:06  Shield Battery  
  35  3:13  Probe  
  35  3:18  Pylon  
  36  3:25  Probe  
  36  3:26  Twilight Council  
  37  3:37  Probe (Chrono Boost)  
  38  3:43  Sentry  
  38  3:47  Probe (Chrono Boost)  
  41  3:52  Probe (Chrono Boost)  
  41  3:53  Blink  
  42  3:59  Stalker  
  44  4:04  Probe  
  45  4:11  Probe (Chrono Boost)  
  45  4:14  Stalker  
  48  4:21  Probe (Chrono Boost)  
  48  4:23  Probe (Chrono Boost)  
  49  4:28  Probe (Chrono Boost)  
  49  4:30  Probe (Chrono Boost)  
  51  4:37  Probe  
  52  4:39  Nexus  
  52  4:41  Probe  
  52  4:45  Stalker  
  53  4:48  Stalker  
  53  4:49  Probe  
  56  4:56  Forge  
  56  4:58  Probe  
  57  5:00  Pylon  
  57  5:02  Probe  
  58  5:10  Stalker  
  58  5:12  Stalker, Pylon  
  62  5:18  Probe  
  62  5:21  Probe  
  62  5:27  Protoss Ground Weapons Level 1 (Chrono Boost)  
  59  5:30  Probe  
  59  5:33  Probe  
  61  5:40  Robotics Facility  
  61  5:41  Stalker x2  
  66  5:43  Probe (Chrono Boost)  
  66  5:48  Probe (Chrono Boost)  
  67  5:51  Probe (Chrono Boost)  
  69  5:58  Gateway  
  69  5:59  Gateway  
  69  6:00  Probe (Chrono Boost)  
  69  6:02  Probe x2 (Chrono Boost)  
  71  6:06  Charge  
  71  6:10  Probe (Chrono Boost)  
  74  6:13  Probe x2 (Chrono Boost)  
  74  6:15  Gateway  
  74  6:17  Probe (Chrono Boost)  
  75  6:18  Gateway  
  75  6:24  Shield Battery  
  76  6:28  Observer  
  76  6:31  Stalker x2  
  80  6:35  Probe x2  
  80  6:46  Probe  
  73  6:53  Probe  
  66  6:54  Stalker x3  
  66  6:57  Probe  
  66  7:00  Probe  
  66  7:01  Shield Battery  
  63  7:04  Stalker  
  63  7:07  Probe  
  56  7:10  Probe  
  56  7:12  Probe  
  54  7:19  Probe  
  54  7:20  Zealot x3  
  54  7:22  Probe  
  62  7:24  Probe  
  62  7:29  Zealot  
  65  7:32  Zealot x2  
  63  7:38  Probe  
  63  7:40  Zealot  
  63  7:41  Zealot x2  
  66  7:50  Zealot  
  62  7:52  Probe x2  
  62  7:53  Probe  
  61  8:01  Zealot  
  61  8:02  Zealot x4  
  61  8:05  Probe x2  
  68  8:11  Probe (Chrono Boost)  
  67  8:13  Assimilator  
  67  8:14  Stalker  
  67  8:17  Probe x2 (Chrono Boost)  
  65  8:23  Probe (Chrono Boost)  
  68  8:28  Zealot, Probe (Chrono Boost)  
  68  8:29  Zealot, Probe (Chrono Boost)  
  68  8:32  Probe (Chrono Boost)  
  68  8:33  Probe (Chrono Boost)  
  68  8:34  Probe (Chrono Boost)  
  73  8:37  Probe  
  76  8:43  Probe x2 (Chrono Boost)  
  76  8:46  Stalker  
  76  8:47  Stalker  
  82  8:50  Probe (Chrono Boost)  
  85  8:55  Probe x2 (Chrono Boost)  
  85  9:00  Probe (Chrono Boost)  
  85  9:02  Probe x2 (Chrono Boost)  
  86  9:04  Sentry, Probe (Chrono Boost)  
  86  9:09  Probe  
  89  9:10  Gateway x2  
  89  9:11  Protoss Ground Weapons Level 2 (Chrono Boost)  
  89  9:13  Nexus  
  89  9:14  Probe  
  91  9:21  Probe  
  92  9:25  Gateway  
  92  9:32  Pylon x2  
  92  9:37  Pylon  
  89  9:42  Stalker x2  
  93  9:49  Pylon  
  93  9:50  Probe x3  
  93  9:51  Stalker x2, Pylon  
  100  9:55  Zealot x2  
  104  10:02  Probe x3, Observer  
  107  10:07  Gateway  
  107  10:08  Gateway  
  107  10:11  Gateway  
  107  10:14  Templar Archives  
  107  10:17  Warp Prism (Chrono Boost)  
  109  10:26  Probe x3  
  109  10:28  Pylon  
  112  10:32  Zealot  
  112  10:33  Zealot x2  
  118  10:45  Zealot x2  
  118  10:46  Zealot x3  
  128  10:55  Zealot  
  128  10:56  Zealot x2  
  132  10:58  Pylon  
  132  11:05  Photon Cannon  
  132  11:10  Zealot x4, High Templar x2  
  132  11:11  Zealot x2  
  148  11:14  Archon  
  148  11:16  Zealot x2  
  148  11:17  Zealot  
  154  11:21  Pylon  
  154  11:23  Pylon  
  154  11:29  Dark Shrine  
  154  11:37  Zealot x6  
  154  11:38  Zealot  
  160  11:44  Zealot x3  
  160  11:45  Zealot, Probe x2  
  141  11:52  Probe  
  141  11:53  Probe  
  107  11:55  Assimilator x2  
  107  11:57  Probe x2  

Tags
 
Add a new tag
Caveats
  • Supply blocks, unpowered buildings, or Contaminate may cause inaccurate times.
  • Supply counts are checked every 10 seconds.